 Dungeon Crawl Stone Soup version 0.28.0-53-g5a82cb258f (webtiles) character file.

Game seed: 3304760644342284034

205 Erymatos the Skirmisher (level 5, -1/48 HPs)
             Began as a Minotaur Berserker on June 8, 2022.
             Was a Follower of Trog.
             Slain by an adder (3 damage)
             ... on level 2 of the Dungeon.
             The game lasted 00:01:52 (2190 turns).

Erymatos the Skirmisher (Minotaur Berserker)        Turns: 2190, Time: 00:01:53

Health: -1/48      AC:  1    Str: 24    XL:     5   Next: 53%
Magic:  4/4        EV: 12    Int:  4    God:    Trog [*.....]
Gold:   36         SH:  0    Dex:  9    Spells: 4/4 levels left

rFire   . . .      SeeInvis .   a - +0 hand axe
rCold   . . .      Faith    .   (no shield)
rNeg    . . .      Spirit   .   (no armour)
rPois   .          Reflect  .   (helmet restricted)
rElec   .          Harm     .   i - +0 cloak
rCorr   .          Rampage  .   (no gloves)
Will    .....                   (no boots)
Stlth   +.........              (no amulet)
HPRegen 0.16/turn               (no ring)
MPRegen 0.09/turn               (no ring)

@: confused
A: horns 2, retaliatory headbutt
a: Renounce Religion, Berserk


You were on level 2 of the Dungeon.
You worshipped Trog.
Trog was aware of your devotion.
You visited 1 branch of the dungeon, and saw 3 of its levels.

You collected 36 gold pieces.

Inventory:

Hand Weapons
 a - a +0 hand axe (weapon)
Armour
 b - a +0 animal skin
 i - a +0 cloak (worn)
 k - a +2 scale mail of fire resistance
Scrolls
 c - a scroll of noise {unknown}
 e - 3 scrolls of teleportation {unknown}
 f - 3 scrolls of identify {unknown}
 g - a scroll of torment {unknown}
 j - a scroll of vulnerability {unknown}
Potions
 d - 2 potions of heal wounds {unknown}
 h - a potion of curing {unknown}


   Skills:
 + Level 5.4 Fighting
 + Level 5.4 Axes
 + Level 3.0 Armour
 + Level 3.2 Dodging
 + Level 0.5 Stealth


You had 4 spell levels left.
You didn't know any spells.
Your spell library was empty.

Dungeon Overview and Level Annotations

Branches:
Dungeon (3/15)

Altars:

Shops:
D:2 !


Innate Abilities, Weirdness & Mutations

You have a pair of horns on your head.
You reflexively headbutt those who attack you in melee.


Message History

An orc comes into view. It is wielding a +0 trident.
The adder bites you. The adder barely misses you.
Found a stone staircase leading down.
The adder closely misses you. The adder completely misses you.
You hear some strange, mumbled words.
Something tries to affect you, but you resist.
There is an escape hatch in the ceiling here.
The adder bites you.
* * * LOW HITPOINT WARNING * * *
You hear some strange, mumbled words.
Something tries to affect you, but you resist.
A mysterious force pulls you upwards. The hatch slams shut behind you.
Reactivating autopickup.
You bump into the rock wall.
The adder closely misses you. Something hits you.
* * * LOW HITPOINT WARNING * * *
Deactivating autopickup; reactivate with Ctrl-A.
The adder barely misses you.
Unknown command.
Unknown command.
You barely miss something. Your headbutt misses something. You hit the adder.
The adder closely misses you. Something hits you.
* * * LOW HITPOINT WARNING * * *
You bump into the rock wall.
The adder closely misses you. Something hits you.
* * * LOW HITPOINT WARNING * * *
The adder closely misses you.
Unknown command.
You slash the adder!
The adder is almost dead.
You hit something. The adder misses you. Something hits you.
* * * LOW HITPOINT WARNING * * *
Unknown command.
You bump into the rock wall.
The adder barely misses you. Something hits you.
* * * LOW HITPOINT WARNING * * *
Unknown command.
You miss the adder.
The adder is almost dead.
You closely miss something. The adder closely misses you. Something hits you.
* * * LOW HITPOINT WARNING * * *
The adder bites you.
You die...

#...................(..# ###
##......#≈....######.##.# #..
####....#..≈≈≈##.# #.##.####.#
#.....≈..≈≈≈≈..#.# #.##.#.##.#
#....≈≈≈≈≈≈....#.# ####.#.##..
#..≈≈≈.....#..##.##### #.#.##.#
####.#..#..#.........#####.#....#
#.............S....<...........
#..#........##@###.#..##.#.##.#
#..#.##........##≈≈≈..≈≈≈#.##.#
#..#.....##........≈≈≈≈........
#..##....##.##....≈♣.≈≈≈.......
#..##.##.##.##..#≈≈.♣≈≈........
###>..............≈≈.♣.♣.≈≈......
....................≈.≈.≈.≈≈.###.
###.###...#.#....#≈≈≈♣...≈≈.##.#.
#.#####........#..≈.♣.≈.#.##.#.


You could see an adder.

Vanquished Creatures
  Sigmund (D:2)
  3 adders (D:2)
  A worm (D:2)
  2 endoplasms
  A giant cockroach (D:2)
  A goblin (D:1)
  3 hobgoblins (D:2)
  2 kobolds
  3 quokkas
  5 ball pythons
  A bat (D:2)
  A frilled lizard (D:3)
  5 rats
29 creatures vanquished.

Notes
Turn   | Place    | Note
-------+----------+-------------------------------------------
     0 | D:1      | Erymatos the Minotaur Berserker began the quest for the
                  | Orb.
     0 | D:1      | Reached XP level 1. HP: 19/19 MP: 0/0
   504 | D:1      | Reached XP level 2. HP: 27/27 MP: 1/1
   892 | D:2      | Noticed Sigmund
   902 | D:2      | Killed Sigmund
   903 | D:2      | Reached skill level 5 in Fighting
   903 | D:2      | Reached skill level 5 in Axes
   903 | D:2      | Reached XP level 3. HP: 36/36 MP: 2/2
   903 | D:2      | Reached XP level 4. HP: 42/42 MP: 3/3
   903 | D:2      | Reached XP level 5. HP: 48/48 MP: 4/4
  1664 | D:2      | Found Saosh's Distillery.
  2158 | D:3      | Found a faded altar of an unknown god.
  2190 | D:2      | HP: 2/48 [something (2)]
  2190 | D:2      | Slain by an adder

Illustrated notes

Levels and vault maps discovered:
D:1:      dpeg_arrival_arbitrary_c, layout_basic, roderic_serpentine_path,
          minmay_misc_feat_five
D:2:      layout_basic, serial_shops, shop, serial_rivers,
          chequers_serial_rivers_small_3, chequers_serial_rivers_micro_c,
          chequers_serial_rivers_marsh, chequers_serial_rivers_small_a,
          chequers_serial_rivers_room_a, chequers_serial_rivers_small_b,
          solitary_fountain, uniq_sigmund
D:3:      minmay_evil_eye, layout_loops_corners, nicolae_ecumenical_pavilion

Skill      XL: |  1  2 |
---------------+-------+-----
Fighting       | 4 5 |  5.4
Axes           | 5 |  5.4
Armour         | 3 |  3.0
Dodging        | 3 |  3.2
Stealth        | |  0.5

Action                   |  1- 3 |  4- 6 || total
-------------------------+-------+-------++-------
Melee: Hand axe          |    20 |    54 ||    74
       Headbutt          |     3 |     5 ||     8
Invok: Berserk           |     1 |       ||     1
Armor: Animal skin       |     2 |     3 ||     5
       Skin              |       |     2 ||     2
Dodge: Dodged            |    15 |    48 ||    63
